 Dungeon Crawl Stone Soup version 0.28.0-47-ge53b351184 (webtiles) character file.

Game seed: 2580127643233491754

21 GigaChad the Covered (level 2, -3/27 HPs)
             Began as a Minotaur Fighter on May 2, 2022.
             Slain by a kobold
             ... wielding a +0 short sword
              (5 damage)
             ... on level 1 of the Dungeon.
             The game lasted 00:01:03 (523 turns).

GigaChad the Covered (Minotaur Fighter)              Turns: 523, Time: 00:01:03

Health: -3/27      AC:  7    Str: 20    XL:     2   Next: 65%
Magic:  1/1        EV:  9    Int:  5    God:
Gold:   39         SH:  4    Dex:  9    Spells: 1/1 levels left

rFire   . . .      SeeInvis .   a - +0 long sword
rCold   . . .      Faith    .   c - +0 buckler
rNeg    . . .      Spirit   .   b - +0 scale mail
rPois   .          Reflect  .   (helmet restricted)
rElec   .          Harm     .   (no cloak)
rCorr   .          Rampage  .   (no gloves)
Will    .....                   (no boots)
Stlth   ..........              (no amulet)
HPRegen 0.09/turn               (no ring)
MPRegen 0.07/turn               (no ring)

@: no status effects
A: horns 2, retaliatory headbutt
a: no special abilities


You were on level 1 of the Dungeon.
You visited 1 branch of the dungeon, and saw 1 of its levels.

You collected 39 gold pieces.

Inventory:

Hand Weapons
 a - a +0 long sword (weapon)
Armour
 b - a +0 scale mail (worn)
 c - a +0 buckler (worn)
Scrolls
 e - a scroll of identify {unknown}
Potions
 d - a potion of might
 f - a potion of cancellation {unknown}


   Skills:
 + Level 4.0 Fighting
 + Level 2.6 Long Blades
 + Level 4.1 Armour
 + Level 0.1 Dodging
 + Level 3.9 Shields


You had one spell level left.
You didn't know any spells.
Your spell library was empty.

Dungeon Overview and Level Annotations

Branches:
Dungeon (1/15)

Altars:


Innate Abilities, Weirdness & Mutations

You have a pair of horns on your head.
You reflexively headbutt those who attack you in melee.


Message History

You closely miss the kobold. The hobgoblin hits you.
The kobold hits you with a +0 short sword.
The kobold hits you with a +0 club. The kobold hits you but does no damage.
The hobgoblin hits you but does no damage.
You closely miss the kobold. Your headbutt misses the kobold.
You block the kobold's attack. The hobgoblin closely misses you.
The kobold hits you with a +0 short sword.
The kobold hits you but does no damage.
You closely miss the kobold.
The kobold hits you with a +0 short sword.
You block the hobgoblin's attack. The kobold misses you.
You hit the kobold but do no damage. Your headbutt misses the kobold.
The hobgoblin hits you but does no damage.
The kobold closely misses you. You block the kobold's attack.
You hit the kobold.
You kill the kobold!
The hobgoblin hits you but does no damage.
The kobold hits you with a +0 short sword. x2
* * * LOW HITPOINT WARNING * * *
The hobgoblin barely misses you. The kobold barely misses you.
The hobgoblin barely misses you.
You see here a +0 club.
You block the kobold's attack.
The hobgoblin hits you but does no damage.
You block the hobgoblin's attack.
You closely miss the hobgoblin. The hobgoblin barely misses you.
The kobold hits you with a +0 short sword.
* * * LOW HITPOINT WARNING * * *
You barely miss the hobgoblin. The hobgoblin barely misses you.
You furiously retaliate!
You headbutt the hobgoblin. The kobold closely misses you.
You closely miss the hobgoblin. Your headbutt misses the hobgoblin.
The hobgoblin is heavily wounded.
The hobgoblin barely misses you. The kobold hits you but does no damage.
The hobgoblin closely misses you.
You slash the hobgoblin!
You kill the hobgoblin!
The kobold hits you but does no damage. The kobold closely misses you.
The kobold hits you with a +0 short sword.
You die...

### #.........###....#..
...###.........#......#.#
...'.'.......>.'........#
...###.........#.........
............####......###
.[..†.......# #......#
....†.......# #......#
....##......# ##......####
....##......# #.@.).......
....##......#...K.$.......
....##....................
##+###..............######
# #..............# ..
#......#.......# ...
............# ....
............# ....


You could see a kobold.

Vanquished Creatures
  A dart slug (D:1)
  2 giant cockroaches (D:1)
  3 goblins (D:1)
  4 hobgoblins (D:1)
  A quokka (D:1)
  3 ball pythons (D:1)
  3 kobolds (D:1)
  A rat (D:1)
18 creatures vanquished.

Notes
Turn   | Place    | Note
-------+----------+-------------------------------------------
     0 | D:1      | GigaChad the Minotaur Fighter began the quest for the Orb.
     0 | D:1      | Reached XP level 1. HP: 19/19 MP: 0/0
   160 | D:1      | Reached XP level 2. HP: 17/27 MP: 1/1
   523 | D:1      | Slain by a kobold

Illustrated notes

Levels and vault maps discovered:
D:1:      giann_horns, layout_basic

Skill      XL: |  1  2 |
---------------+-------+-----
Armour         | 4 |  4.1
Fighting       | 4 |  4.0
Long Blades    | |  2.6
Dodging        | |  0.1
Shields        | |  3.9

Action                   || total
-------------------------++-------
Melee: Long sword        ||    43
       Headbutt          ||     2
Armor: Scale mail        ||    31
Dodge: Dodged            ||    38
Block: Buckler           ||    33
